 Dungeon Crawl Stone Soup version 0.23.0 (webtiles) character file.

Game seed: 10001459524225788642

3115 Kairos the Cleaver (level 9, 0/47 HPs)
             Began as a Vine Stalker Fighter on Feb 13, 2019.
             Was a Believer of Dithmenos.
             Slain by Harold
             ... wielding a +0 battleaxe
              (10 damage)
             ... on level 9 of the Dungeon.
             The game lasted 00:11:14 (6860 turns).

Kairos the Cleaver (Vine Stalker Fighter)           Turns: 6860, Time: 00:11:14

Health: 0/47       AC: 14    Str: 22    XL:     9   Next: 91%
Magic:  0/10       EV:  7    Int: 12    God:    Dithmenos [**....]
Gold:   467        SH: 10    Dex: 14    Spells: 8/8 levels left

rFire    . . .     SeeInvis .   F - +7 hand axe "Undertaker" {freeze, -Tele rC+ Int+4}
rCold    + . .     Gourm    .   c - +0 shield
rNeg     . . .     Faith    .   D - +0 chain mail
rPois    .         Spirit   +   A - +2 helmet
rElec    .         Reflect  .   (no cloak)
rCorr    .         Harm     +   s - +0 pair of gloves
MR       +....     NoTele   +   (no boots)
Stlth    ..........             v - amulet of harm
HPRegen  0.55/turn              (no ring)
MPRegen  0.12/turn              (no ring)

@: wreathed by umbra
A: fangs 3, regeneration 1, magic shield, antimagic bite, no potion heal 3, rot
immunity
a: Shadow Step, Renounce Religion


You were on level 9 of the Dungeon.
You worshipped Dithmenos.
Dithmenos was pleased with you.
You were not hungry.

You visited 2 branches of the dungeon, and saw 10 of its levels.

You collected 467 gold pieces.

Inventory:

Hand Weapons
 a - a +1 war axe
 l - a +2 hunting sling of velocity
 u - a +1 broad axe
 B - a +1 hand axe of venom
 F - the +7 hand axe "Undertaker" (weapon) {freeze, -Tele rC+ Int+4}
   (You found it on level 7 of the Dungeon)

   It has been specially enchanted to freeze those struck by it, causing extra
   injury to most foes and up to half again as much damage against particularly
   susceptible opponents.
   It can also slow down cold-blooded creatures.
   It affects your intelligence (+4).
   It protects you from cold.
   It prevents most forms of teleportation.
Missiles
 t - 15 sling bullets
Armour
 b - a +1 scale mail
 c - a +0 shield (worn)
 s - a +0 pair of gloves (worn)
 A - a +2 helmet (worn)
 D - a +0 chain mail (worn)
Jewellery
 v - an amulet of harm (around neck)
 y - an uncursed amulet of magic regeneration
Scrolls
 e - 5 scrolls of remove curse
 j - 5 scrolls of teleportation
 k - 2 scrolls of amnesia
 m - 4 scrolls of identify
 n - a scroll of fear {unknown}
 p - a scroll of acquirement {unknown}
 r - 2 scrolls of random uselessness {unknown}
 w - a scroll of magic mapping {unknown}
 E - a scroll of enchant armour
Potions
 d - 2 potions of might
 g - 2 potions of ambrosia {unknown}
 h - a potion of haste {unknown}
 i - a potion of brilliance {unknown}
 o - 3 potions of heal wounds {unknown}
 q - 2 potions of berserk rage {unknown}
 x - a potion of curing {unknown}
 z - a potion of agility {unknown}
 C - a potion of cancellation {unknown}
Comestibles
 f - 9 rations


   Skills:
 + Level 5.2 Fighting
 + Level 8.1 Axes
 + Level 4.9 Armour
 + Level 2.5 Dodging
 * Level 5.4 Stealth
 + Level 5.4 Shields


You had 8 spell levels left.
You didn't know any spells.
Your spell library contained the following spells:

 Spells                   Type           Power        Failure   Level  Hunger
 Animate Skeleton         Necr           N/A          100%        1    ##.....
 Apportation              Tloc           #.....       100%        1    ##.....
 Confusing Touch          Hex            #.....       100%        1    ##.....
 Summon Small Mammal      Summ           #...         100%        1    ##.....
 Call Imp                 Summ           #.......     100%        2    ###....
 Call Canine Familiar     Summ           #.......     100%        3    ####...
 Summon Guardian Golem    Hex/Summ       #.......     100%        3    ####...
 Summon Ice Beast         Ice/Summ       #.......     100%        4    #####..
 Summon Lightning Spire   Summ/Air       #.......     100%        4    #####..


Dungeon Overview and Level Annotations

Branches:
Dungeon (9/15)             Temple (1/1) D:4
   Lair: D:8-11         Orc: D:9-12

Altars:
Ashenzari
Dithmenos
Elyvilon
Fedhas
Gozag
Hepliaklqana
Kikubaaqudgha
Makhleb
Nemelex Xobeh
Okawaru
Qazlal
Ru
Sif Muna
Trog
Uskayaw
Vehumet
Wu Jian
Xom
Yredelemnul
Zin
The Shining One

Annotations:
D:9 Harold


Innate Abilities, Weirdness & Mutations

You have razor-sharp teeth.
Your natural rate of healing is unusually fast.
When hurt, damage is shared between your health and your magic reserves.
Your bite disrupts and absorbs the magic of your enemies.
Potions cannot restore your health.
You are immune to rotting.


Message History

Harold is severely wounded.
Your shield prevents you from hitting Harold.
Harold is severely wounded.
Harold hits you with a +0 battleaxe.
* * * LOW HITPOINT WARNING * * *
You barely miss Harold. Your bite misses Harold.
Harold is severely wounded.
Harold hits you but does no damage.
You hit Harold but do no damage. You bite Harold, but do no damage.
Harold is severely wounded.
Harold says, "Listen, it's nothing personal.
It's just a job."
Harold hits you with a +0 battleaxe.
* * * LOW HITPOINT WARNING * * *
You hit Harold. You bite Harold, but do no damage.
Harold is severely wounded.
You hit Harold. You bite Harold, but do no damage.
Harold is severely wounded.
Harold falters for a moment.
Harold hits you with a +0 battleaxe!
You die...

####################
...................
...................
#..#####..######..# #..#
#..# #<.# #..# #..# #..# #
#@.# #..# #..#
#..######(@#####..######..#
......).)).................
...........(...........<...
##..#######..#####..#####..
#..# #..# .. #..# #..# #..#
#..# #..# #..# #..# #..#


You could see Harold.

Vanquished Creatures
  Sigmund (D:6)
  A hungry ghost (D:8)
  An ice beast (D:6)
  An orc warrior (D:7)
  A sky beast (D:5)
  A black bear (D:7)
  3 ogres
  3 phantoms
  3 centaurs
  5 bullfrogs
  2 scorpions
  5 wights (D:7)
  2 bullfrog zombies
  4 howler monkeys
  5 crimson imps
  A quasit (D:6)
  3 orc priests (D:6)
  3 orc wizards
  3 centaur skeletons
  3 hounds
  A jelly (D:8)
  A bullfrog skeleton (D:6)
  2 iguanas
  A worker ant (D:6)
  A hound skeleton (D:3)
  A worker ant zombie (D:8)
  7 adders
  A shadow imp (D:6)
  An ooze (D:2)
  An adder skeleton (D:6)
  3 worms
  A dart slug (D:2)
  A leopard gecko (D:1)
  16 orcs
  3 ball pythons (D:3)
  8 bats
  5 giant cockroaches
  6 goblins
  12 hobgoblins
  7 jackals
  A quokka (D:3)
  10 frilled lizards
  4 kobolds (D:2)
  13 rats
158 creatures vanquished.

Notes
Turn   | Place    | Note
-------+----------+-------------------------------------------
     0 | D:1      | Kairos the Vine Stalker Fighter began the quest for the
                  | Orb.
     0 | D:1      | Reached XP level 1. HP: 11/11 MP: 2/2
   111 | D:1      | Reached XP level 2. HP: 12/16 MP: 3/3
   184 | D:1      | Reached skill level 2 in Axes
   543 | D:1      | Reached XP level 3. HP: 19/19 MP: 4/4
   973 | D:2      | Gained mutation: Your natural rate of healing is unusually
                  | fast. [Vine Stalker growth]
   973 | D:2      | Reached XP level 4. HP: 11/24 MP: 3/5
  1336 | D:2      | Reached skill level 3 in Axes
  1336 | D:2      | Reached XP level 5. HP: 28/28 MP: 6/6
  1573 | D:3      | Found a faded altar of an unknown god.
  1720 | D:3      | Noticed a sky beast
  2742 | D:4      | Found a staircase to the Ecumenical Temple.
  2744 | D:4      | Noticed a phantom
  2748 | D:4      | Reached XP level 6. HP: 28/32 MP: 5/7
  2797 | Temple   | Entered the Ecumenical Temple
  2922 | Temple   | Became a worshipper of Dithmenos the Shadowed
  2957 | D:4      | Killed a phantom
  2957 | D:4      | Reached skill level 1 in Dodging
  3172 | D:4      | Noticed a phantom
  3188 | D:4      | Killed a phantom
  3188 | D:4      | Reached skill level 4 in Axes
  3367 | D:5      | Entered Level 5 of the Dungeon
  3377 | D:5      | Reached XP level 7. HP: 37/37 MP: 8/8
  3704 | D:5      | Reached skill level 5 in Axes
  3741 | D:5      | Found a blossoming altar of Fedhas.
  3762 | D:5      | Reached skill level 1 in Stealth
  3925 | D:5      | Gained mutation: You have razor-sharp teeth. [Vine Stalker
                  | growth]
  3925 | D:5      | Reached XP level 8. HP: 32/42 MP: 6/9
  3938 | D:5      | Noticed a moth of wrath
  3941 | D:5      | Found a bloodstained altar of Trog.
  4324 | D:5      | Found a burning altar of Makhleb.
  4425 | D:6      | Reached skill level 6 in Axes
  4427 | D:6      | Reached * piety under Dithmenos
  4762 | D:6      | Noticed Sigmund
  4907 | D:6      | Killed Sigmund
  5756 | D:6      | Reached XP level 9. HP: 46/46 MP: 10/10
  5805 | D:7      | Found an opulent altar of Gozag.
  5826 | D:7      | Reached skill level 7 in Axes
  5865 | D:7      | Reached skill level 5 in Fighting
  5870 | D:7      | Reached ** piety under Dithmenos
  5886 | D:7      | Reached skill level 5 in Shields
  6047 | D:7      | Got an ancient hand axe
  6048 | D:7      | Identified the +7 hand axe "Undertaker" {freeze, -Tele rC+
                  | Int+4} (You found it on level 7 of the Dungeon)
  6137 | D:7      | Found a white marble altar of Elyvilon.
  6137 | D:7      | Found a sacrificial altar of Ru.
  6261 | D:8      | Reached skill level 5 in Stealth
  6289 | D:8      | Found a hide-covered altar of Uskayaw.
  6441 | D:8      | Reached skill level 8 in Axes
  6577 | D:8      | Found a stormy altar of Qazlal.
  6734 | D:8      | Found an iron altar of Okawaru.
  6734 | D:8      | Found a deep blue altar of Sif Muna.
  6841 | D:9      | Noticed Harold
  6860 | D:9      | Slain by Harold

Skill      XL: |  1  2  3  4  5  6  7  8  9 |
---------------+----------------------------+-----
Shields        | 3 4 5 |  5.4
Axes           | 2 3 4 5 6 8 |  8.1
Fighting       | 3 4 5 |  5.2
Armour         | 3 4 |  4.9
Dodging        | 1 2 |  2.5
Stealth        | 1 3 5 |  5.4

Action                   |  1- 3 |  4- 6 |  7- 9 || total
-------------------------+-------+-------+-------++-------
Melee: War axe           |    85 |   147 |   136 ||   368
       Bite              |    16 |    38 |    82 ||   136
       Broad axe         |       |       |    63 ||    63
       Hand axe          |       |       |    55 ||    55
  Use: Scroll            |     3 |     2 |     2 ||     7
  Eat: Chunk             |       |     4 |     3 ||     7
       Ration            |       |     2 |     2 ||     4
Armor: Scale mail        |    46 |    46 |    81 ||   173
       Chain mail        |       |       |    31 ||    31
Dodge: Dodged            |    20 |    46 |    85 ||   151
Block: Shield            |    46 |    59 |   136 ||   241
